 Dungeon Crawl Stone Soup version 0.25.0-26-g0c896c7088 (webtiles) character file.

Game seed: 10541057054166400963

513 MisterFreud the Ruffian (level 7, -1/52 HPs)
             Began as a Demonspawn Abyssal Knight on July 5, 2020.
             Was a Believer of Lugonu.
             Killed by divine providence
             ... invoked by an orc priest
              (11 damage)
             ... on level 4 of the Dungeon.
             The game lasted 00:09:23 (5685 turns).

MisterFreud the Ruffian (Demonspawn Abyssal Knight) Turns: 5685, Time: 00:09:23

Health: -1/52      AC: 11    Str: 13    XL:     7   Next: 0%
Magic:  8/8        EV:  5    Int: 15    God:    Lugonu [**....]
Gold:   261        SH:  4    Dex: 12    Spells: 6/6 levels left

rFire    . . .     SeeInvis +     - Unarmed
rCold    + . .     Gourm    .   j - +0 buckler (curse)
rNeg     . . .     Faith    .   f - +0 chain mail
rPois    .         Spirit   .   (no helmet)
rElec    .         Reflect  .   c - +0 cloak
rCorr    .         Harm     .   p - +1 pair of gloves
MR       .....                  (no boots)
Stlth    ..........             (no amulet)
HPRegen  0.17/turn              a - ring of see invisible
MPRegen  0.11/turn              h - ring of protection from cold

@: lightly drained
A: powered by death 1
a: Depart the Abyss, Bend Space, Renounce Religion


You were on level 4 of the Dungeon.
You worshipped Lugonu.
Lugonu was pleased with you.
You were not hungry.

You visited 1 branch of the dungeon, and saw 4 of its levels.
You visited the Abyss 1 time.

You collected 261 gold pieces.

Inventory:

Missiles
 u - 4 atropa-tipped darts (quivered)
Armour
 c - a +0 cloak (worn)
 f - a +0 chain mail (worn)
 j - a cursed +0 buckler (worn)
 p - a +1 pair of gloves (worn)
Jewellery
 a - a ring of see invisible (left hand)
 h - a ring of protection from cold (right hand)
Wands
 q - a wand of iceblast (12)
Scrolls
 d - 3 scrolls of enchant weapon {unknown}
 e - 2 scrolls of random uselessness {unknown}
 g - 5 scrolls of identify {unknown}
 m - a scroll of noise {unknown}
 n - a scroll of amnesia {unknown}
 o - 3 scrolls of remove curse {unknown}
 v - a scroll of blinking {unknown}
Potions
 i - a potion of stabbing {unknown}
 k - a potion of might {unknown}
 r - a potion of brilliance {unknown}
 s - a potion of haste
Comestibles
 b - 4 rations


   Skills:
 - Level 3.0(2.6) Fighting
 - Level 1.7(1.4) Armour
 - Level 0.8(0.5) Dodging
 - Level 4.0(3.6) Shields
 + Level 5.5(5.1) Unarmed Combat
 - Level 2.4(2.0) Invocations


You had 6 spell levels left.
You didn't know any spells.
Your spell library was empty.

Dungeon Overview and Level Annotations

Branches:
Dungeon (4/15)
 Temple: D:4-7

Altars:
Elyvilon
Nemelex Xobeh
Okawaru
Trog
Uskayaw

Shops:
D:4 [


Innate Abilities, Weirdness & Mutations

You regenerate a little health from kills.


Message History

The orc priest hits you but does no damage.
You hit the orc priest.
The orc priest is moderately wounded.
You closely miss the orc priest.
The orc priest is moderately wounded.
The orc priest hits you with a +0 hand axe.
* * * LOW HITPOINT WARNING * * *
You hit the orc priest but do no damage.
The orc priest is moderately wounded.
The orc priest barely misses you.
Unknown command.
Evoke which item? (* to show all) (? for menu, Esc to quit)
Okay, then.
Unknown command.
Unknown command.
You hit the orc priest.
The orc priest is moderately wounded.
The orc priest invokes the aid of Beogh against you.
Beogh smites you!
You die...

..##......# #.#. ...
#8.8.8.# #... .. #.⌠.⌠..#
###. .o ##8.∩.8## #. o
#..⌠.⌠.## #. #. #.8.8.8.##
#. #####.# #........## ##.
.......####.........####..
#...ooo@'.........+.....
##...####.........####..
#..# ##.......## ##. #...
##.....## ## #.. ##...##
#.. ##+## #. #.# .. #(#
##.##


You could see an orc priest, an orc wizard and an orc.

Vanquished Creatures
  A phantom (D:4)
  Crazy Yiuf (D:2)
  3 orc wizards (D:4)
  Jessica (D:2)
  Natasha (twice) (D:2)
  An iguana (D:4)
  2 worker ants (D:4)
  4 gnolls
  3 adders (D:2)
  4 worms
  A dart slug (D:4)
  2 leopard geckos (D:2)
  An orc (D:4)
  A giant cockroach (D:3)
  6 hobgoblins
  4 jackals
  10 kobolds
  2 quokkas
  A ball python (D:1)
  4 bats
  5 frilled lizards
  7 goblins
  10 rats
76 creatures vanquished.

Vanquished Creatures (others)
  An orc wizard (D:4)
1 creature vanquished.

Grand Total: 77 creatures vanquished

Notes
Turn   | Place    | Note
-------+----------+-------------------------------------------
     0 | Abyss:1  | MisterFreud the Demonspawn Abyssal Knight began the quest
                  | for the Orb.
     0 | Abyss:1  | Reached XP level 1. HP: 18/18 MP: 2/2
    37 | Abyss:1  | Noticed a hellwing
    38 | D:1      | Escaped the Abyss
   103 | D:1      | Reached skill level 2 in Unarmed Combat
   423 | D:1      | Reached * piety under Lugonu
   489 | D:1      | Gained mutation: You regenerate a little health from kills.
                  | [demonic ancestry]
   489 | D:1      | Reached XP level 2. HP: 21/24 MP: 3/3
  1227 | D:1      | Reached skill level 3 in Unarmed Combat
  1304 | D:2      | Found a sparkling altar of Nemelex Xobeh.
  1304 | D:2      | Found a hide-covered altar of Uskayaw.
  1383 | D:2      | Reached XP level 3. HP: 23/29 MP: 4/4
  1778 | D:2      | You fall into a shaft and drop 1 floor!
  1820 | D:3      | Found an iron altar of Okawaru.
  1856 | D:3      | Found an iron altar of Okawaru.
  2429 | D:2      | Noticed Natasha
  2479 | D:4      | Noticed a phantom
  2622 | D:2      | Noticed a moth of wrath
  2629 | D:2      | Found a bloodstained altar of Trog.
  2670 | D:2      | Noticed Jessica
  2678 | D:2      | Killed Jessica
  2678 | D:2      | Reached skill level 1 in Shields
  2678 | D:2      | Reached XP level 4. HP: 20/35 MP: 5/5
  3030 | D:4      | Killed a phantom
  3030 | D:4      | Reached ** piety under Lugonu
  3030 | D:4      | Reached skill level 4 in Unarmed Combat
  3030 | D:4      | Reached XP level 5. HP: 20/41 MP: 6/6
  3270 | D:4      | Reached XP level 6. HP: 20/47 MP: 7/7
  3555 | D:4      | Found a white marble altar of Elyvilon.
  3813 | D:3      | Reached skill level 5 in Unarmed Combat
  4052 | D:2      | Killed Natasha
  4358 | D:2      | Noticed Natasha
  4370 | D:2      | Killed Natasha
  4382 | D:2      | Found a runed translucent door.
  4383 | D:2      | Noticed Crazy Yiuf
  4398 | D:2      | Paralysed by Crazy Yiuf for 4 turns
  4405 | D:2      | Paralysed by Crazy Yiuf for 3 turns
  4412 | D:2      | HP: 2/47 [poisoned by Crazy Yiuf]
  4413 | D:2      | Killed Crazy Yiuf
  4418 | D:2      | HP: 2/70 [poisoned by Crazy Yiuf]
  4427 | D:2      | HP: 1/70 [poisoned by Crazy Yiuf]
  4433 | D:2      | HP: 1/70 [poisoned by Crazy Yiuf]
  4439 | D:2      | HP: 1/70 [poisoned by Crazy Yiuf]
  4445 | D:2      | HP: 1/70 [poisoned by Crazy Yiuf]
  5377 | D:4      | Found Nueh Fyb's Antique Armour Shop.
  5423 | D:4      | Reached XP level 7. HP: 25/52 MP: 8/8
  5685 | D:4      | Killed from afar by an orc priest

Illustrated notes

Levels and vault maps discovered:
D:1:      eino_arrival_water_star, layout_loops_ring
D:2:      layout_rooms, tgw_trog, amethyst_overflow_temple_binary, first_ration,
          moated_statue, uniq_crazy_yiuf_cottage, uniq_natasha, uniq_jessica
D:3:      layout_basic, lemuel_round_altar, okawaru_metal_pillars_3
D:4:      layout_loops_corners, kennysheep_mini, serial_shops,
          nicolae_shop_temple_entry_statues_fountains

Skill      XL: |  1  2  3  4  5  6 |
---------------+-------------------+-----
Unarmed Combat | 2 3 4 5 |  5.5
Shields        | 1 2 3 4 |  4.0
Fighting       | |  3.0
Armour         | |  1.7
Dodging        | |  0.8
Invocations    | |  2.4

Action                   |  1- 3 |  4- 6 |  7- 9 || total
-------------------------+-------+-------+-------++-------
Melee: Unarmed           |   212 |   301 |    12 ||   525
       Punch             |     1 |       |       ||     1
Invok: Depart the Abyss  |     1 |       |       ||     1
Evoke: Wand              |       |     1 |       ||     1
  Use: Potion            |     1 |     4 |       ||     5
  Eat: Chunk             |     6 |     9 |     1 ||    16
Armor: Chain mail        |   110 |   153 |     2 ||   265
       Leather armour    |     6 |       |       ||     6
Dodge: Dodged            |    65 |    66 |     1 ||   132
Block: Buckler           |     6 |    55 |       ||    61
